 Dungeon Crawl Stone Soup version 0.30-a0-702-gdf48620a09 (webtiles) character file.

Game seed: 8791677455551137288

90762 flotson the Cleaver (level 15, 0/105 HPs)
             Began as a Demonspawn Delver on Jan 21, 2023.
             Was the Champion of Hepliaklqana.
             Shot with a sling bullet by a centaur warrior (17 damage)
             ... on level 14 of the Dungeon on Jan 22, 2023.
             The game lasted 00:36:12 (17521 turns).

flotson the Cleaver (Demonspawn Delver)            Turns: 17521, Time: 00:36:12

Health: 0/105      AC: 25    Str: 26    XL:     15   Next: 53%
Magic:  7/7        EV: 10    Int: 12    God:    Hepliaklqana [******]
Gold:   1708       SH: 12    Dex: 14    Spells: 14/14 levels left

rFire   + + +      SeeInvis .    b - +2 demon trident (antimagic)
rCold   x . .      Faith    .    a - +0 tower shield
rNeg    . . .      Spirit   .    c - +0 fire dragon scales
rPois   .          Reflect  .    K - +1 hat {Will+}
rElec   .          Harm     .    j - +0 cloak
rCorr   .          Rampage  .    M - +0 pair of gloves
Will    ++...                    q - +0 pair of boots
Stlth   +                        h - amulet of regeneration
HPRegen 1.17/turn                z - ring of protection from fire
MPRegen 0.10/turn                P - +6 ring of strength

@: about to teleport, marked, sanguine armoured
A: reduced essence, antennae 2, powered by death 2, spiny 2, sanguine armour 2
a: Renounce Religion, Recall Ancestor, Ancestor Identity, Transference, Idealise


You were on level 14 of the Dungeon.
You worshipped Hepliaklqana.
Hepliaklqana was exalted by your worship.
You visited 3 branches of the dungeon, and saw 20 of its levels.

You collected 1816 gold pieces.
You spent 108 gold pieces at shops.

Inventory:

Hand Weapons
 b - a +2 antimagic demon trident (weapon)
Missiles
 l - 7 curare-tipped darts
 s - 3 throwing nets
 v - 5 datura-tipped darts
 w - 2 atropa-tipped darts
 O - 5 silver javelins
 V - 5 javelins (quivered)
 Y - 9 boomerangs of dispersal
Armour
 a - a +0 tower shield (worn)
 c - +0 fire dragon scales (worn)
 j - a +0 cloak (worn)
 q - a +0 pair of boots (worn)
 K - a +1 hat of willpower (worn)
 M - a +0 pair of gloves (worn)
Jewellery
 h - an amulet of regeneration (around neck)
 z - a ring of protection from fire (left hand)
 E - a ring of ice
 P - a +6 ring of strength (right hand)
Wands
 g - a wand of digging (12)
 n - a wand of flame (15)
 C - a wand of roots (7)
 F - a wand of paralysis (10)
 T - a wand of polymorph (17)
Scrolls
 e - 4 scrolls of fear
 f - 6 scrolls of blinking
 i - 3 scrolls of noise {unknown}
 m - 6 scrolls of teleportation
 p - 3 scrolls of amnesia {unknown}
 u - 2 scrolls of brand weapon {unknown}
 x - 3 scrolls of poison {unknown}
 y - 4 scrolls of vulnerability {unknown}
 B - a scroll of torment {unknown}
 G - 3 scrolls of silence {unknown}
 I - 3 scrolls of magic mapping
 J - 3 scrolls of immolation {unknown}
 S - a scroll of enchant armour {unknown}
 X - a scroll of acquirement {unknown}
 Z - 4 scrolls of fog
Potions
 d - 3 potions of heal wounds
 k - 9 potions of curing
 o - 4 potions of lignification
 r - a potion of flight
 t - 5 potions of ambrosia
 A - a potion of haste
 D - 2 potions of berserk rage
 H - a potion of attraction
 N - a potion of invisibility
 Q - 4 potions of might
 U - 2 potions of resistance
Miscellaneous
 R - a lightning rod (4/4)
 W - a tin of tremorstones (2/2)


   Skills:
 + Level 10.8 Fighting
 + Level 13.8 Axes
 + Level 9.2 Throwing
 + Level 9.4 Armour
 + Level 9.6 Dodging
 - Level 5.0 Stealth
 + Level 1.8 Shields
 - Level 8.0 Invocations
 + Level 10.2 Evocations


You had 14 spell levels left.
You didn't know any spells.
Your spell library contained the following spells:

 Spells                   Type           Power      Damage    Failure   Level
 Apportation              Tloc           0%         N/A       100%        1
 Magic Dart               Conj           0%         1d3       100%        1
 Necrotise                Necr           0%         1d4       100%        1
 Sting                    Tmut/Pois      0%         1d3       100%        1
 Summon Small Mammal      Summ           0%         N/A       100%        1
 Blink                    Tloc           0%         N/A       100%        2
 Call Imp                 Summ           0%         N/A       100%        2
 Lesser Beckoning         Tloc           0%         N/A       100%        2
 Momentum Strike          Conj/Tloc      0%         3d8       100%        2
 Poisonous Vapours        Pois/Air       0%         N/A       100%        2
 Mephitic Cloud           Conj/Pois/Air  0%         N/A       100%        3
 Animate Dead             Necr           0%         N/A       100%        4
 Manifold Assault         Tloc           0%         N/A       100%        4
 Olgreb's Toxic Radiance  Pois           0%         N/A       100%        4
 Borgnjor's Vile Clutch   Necr/Erth      0%         N/A       100%        5
 Death Channel            Necr           0%         N/A       100%        6
 Dispersal                Tloc           0%         N/A       100%        6
 Malign Gateway           Summ/Tloc      0%         N/A       100%        7
 Disjunction              Tloc           0%         N/A       100%        8
 Summon Horrible Things   Summ           0%         N/A       100%        8


Dungeon Overview and Level Annotations

Branches:
Dungeon (14/15)            Temple (1/1) D:7            Lair (5/5) D:11
 Shoals (0/4) Lair:3       Spider (0/4) Lair:3        Slime (0/5) Lair:5
    Orc (0/2) D:9          Vaults (0/5) D:13

Altars:
Ashenzari
Cheibriados
Dithmenos
Fedhas
Gozag
Hepliaklqana
Kikubaaqudgha
Makhleb
Nemelex Xobeh
Okawaru
Qazlal
Ru
Sif Muna
Trog
Uskayaw
Vehumet
Wu Jian
Xom
Yredelemnul
Jiyva

Shops:
D:1 (?   D:3 =   D:11 :   D:13 [

Annotations:
Lair:5 1 runed translucent door


Innate Abilities, Weirdness & Mutations

Your life essence is reduced to manifest your ancestor. (-10% HP)
You have a pair of antennae on your head.
You regenerate health from kills.
You are mostly covered in sharp spines.
When seriously injured, your blood forms thick armour. (AC +9)


Message History

Deactivating autopickup; reactivate with Ctrl-A.
The brown ugly thing tentacle-slaps Cuahtemoc but does no damage.
The centaur warrior shoots a sling bullet.
The sling bullet hits you.
Cuahtemoc closely misses the brown ugly thing.
Throw: 7 javelins
Press: ? - help, Q - select action, (/) - cycle Shift-Dir - straight line, f - centaur warrior
Aim: a centaur warrior, wielding a +0 sling and quivering stones (74% to hit)
You throw a javelin.
The javelin pierces through the centaur warrior!!
The centaur warrior is moderately wounded.
The centaur warrior shoots a sling bullet.
You block the sling bullet.
The brown ugly thing tentacle-slaps Cuahtemoc!
Cuahtemoc is destroyed!
The centaur warrior shoots a sling bullet.
The sling bullet hits you!
Throw: 6 javelins
Press: ? - help, Q - select action, (/) - cycle Shift-Dir - straight line, f/p - centaur warrior
Aim: a centaur warrior, wielding a +0 sling and quivering stones (moderately wounded, 74% to hit)
You throw a javelin.
The javelin pierces through the centaur warrior but does no damage.
The centaur warrior is moderately wounded.
The centaur warrior shoots a sling bullet.
The sling bullet hits you.
The tengu warrior shoots a bolt.
The bolt hits you but does no damage.
The centaur warrior shoots a sling bullet.
You block the sling bullet.
As you read the scroll of teleportation, it crumbles to dust.
You feel strangely unstable.
The centaur warrior shoots a sling bullet.
You block the sling bullet.
The tengu warrior shoots a bolt.
The bolt hits you!
* * * LOW HITPOINT WARNING * * *
The centaur warrior shoots a sling bullet.
The sling bullet hits you!
* * * LOW HITPOINT WARNING * * *
The tengu warrior shoots a bolt.
The bolt barely misses you.
The centaur warrior shoots a sling bullet.
The sling bullet hits you!
You die...

............###..{..#.## ##.#..
......†.......#........## ##.....
...†..........#.........# #......
..............##.......## ##.....
..............##........###......
.........................#....[..
........................###..#...
....#####................#.......
###.# #.......@.......#####.###
###.#####..............c.(.......
........................Qu.....##
#.#######################†###..##
#.# ..{.){.#..#..## #.# { { {
.####.#{#.#..## #.# {{#{{{##..##
#.# ##Q.#{.##..## ..#
.....R##[#..##


You could see a centaur warrior.

Vanquished Creatures
  Gastronok (Lair:1)
  A very ugly thing (D:14)
  The ghost of Rudyous the Fighter, a journeyman MiFi (Lair:3)
  A fire dragon (Lair:5)
  3 hydras
  4 centaur warriors
  A boulder beetle (Lair:5)
  2 two-headed ogres
  A catoblepas (Lair:5)
  7 death yaks
  A tengu warrior (D:14)
  Sonja (Lair:2)
  Urug (D:11)
  2 skeletal warriors (D:12)
  2 lindwurms
  2 elephants (Lair:5)
  3 cyclopes
  3 ugly things
  A moth of wrath (Lair:3)
  5 cane toads
  6 black mambas
  A black mamba (shapeshifter) (D:14)
  A molten gargoyle (Lair:5)
  An unseen horror (D:8)
  A torpor snail (Lair:4)
  A yaktaur (shapeshifter) (D:14)
  A kobold demonologist (D:12)
  A freezing wraith (D:13)
  5 komodo dragons
  A meliai (D:14)
  4 trolls
  A polar bear (Lair:5)
  A wolf spider simulacrum (D:14)
  3 hornets
  Grinder (D:6)
  8 blink frogs
  5 slime creatures
  3 dream sheep (Lair:5)
  Sigmund (D:3)
  A shadow (D:13)
  A vampire (D:12)
  A culicivora (Lair:3)
  54 yaks
  2 spriggans (Lair:3)
  Eustachio (D:6)
  9 wyverns
  2 steam dragons
  5 vampire mosquitoes
  3 basilisks
  A redback (D:13)
  A redback simulacrum (D:13)
  9 water moccasins
  An acid dragon (D:11)
  3 hell hounds (Lair:5)
  4 sky beasts
  2 ice beasts
  3 black bears
  6 orc warriors
  5 wolves (Lair:4)
  4 centaurs
  4 ogres
  2 phantoms
  2 kobold brigands
  10 bullfrogs
  A necrophage (D:6)
  5 gnoll sergeants
  3 scorpions
  17 killer bees
  A howler monkey (D:10)
  7 orc priests
  5 jellies
  3 hounds
  Jessica (D:3)
  An iguana (D:5)
  16 orc wizards
  Ijyb (D:3)
  2 hell rats (D:11)
  26 gnolls
  8 adders
  3 river rats (D:11)
  A shadow imp (D:6)
  A white imp (D:6)
  2 ufetubi
  5 worms
  3 dart slugs
  60 orcs
  13 endoplasms
  5 giant cockroaches
  4 goblins
  5 hobgoblins
  12 kobolds
  3 quokkas
  7 ball pythons
  4 bats
  4 frilled lizards
  8 rats
  A butterfly (Lair:1)
463 creatures vanquished.

Vanquished Creatures (collateral kills)
  A fire dragon (D:13)
  A catoblepas (D:13)
  3 boulder beetles
  A death knight (D:10)
  3 tengu warriors (D:14)
  2 death yaks
  Nergalle (Lair:2)
  A skeletal warrior (D:12)
  Lodul (D:12)
  An oklob plant (Lair:2)
  2 manticores
  2 ugly things
  A cyclops (D:14)
  2 elephants (Lair:5)
  4 black mambas
  2 torpor snails (Lair:4)
  2 cane toads
  A molten gargoyle (Lair:5)
  A gargoyle (D:13)
  6 komodo dragons
  A rime drake (Lair:1)
  A troll (D:13)
  A queen bee (shapeshifter) (D:13)
  4 blink frogs
  2 meliai (D:14)
  A slime creature (D:13)
  2 dream sheep (Lair:5)
  4 spriggans (Lair:3)
  4 wyverns
  6 basilisks
  A steam dragon (Lair:5)
  16 yaks
  5 vampire mosquitoes
  2 water moccasins
  2 black bears (Lair:3)
  A wolf (Lair:4)
  6 ogres (D:12)
  A centaur (D:9)
  3 bullfrogs
  A killer bee (D:9)
  4 lava snakes (Lair:5)
  6 jellies (Lair:2)
  An orc priest (D:9)
  4 orc wizards
  A hell rat (D:11)
  15 orcs
  10 endoplasms (Lair:2)
  A rat (D:11)
144 creatures vanquished.

Vanquished Creatures (others)
  A wizard (D:14)
  A tarantella (shapeshifter) (D:14)
  An ancestor (D:10)
  10 battlemagi
  18 fungi
  64 plants
95 creatures vanquished.

Grand Total: 702 creatures vanquished

Notes
Turn   | Place    | Note
-------+----------+-------------------------------------------
     0 | D:5      | flotson the Demonspawn Delver began the quest for the Orb.
     0 | D:5      | Reached XP level 1. HP: 18/18 MP: 1/1
    10 | D:5      | Noticed a phantom
   111 | D:4      | Noticed a jelly
   234 | D:4      | Gained mutation: You are partially covered in sharp spines.
                  | [demonic ancestry]
   234 | D:4      | Reached XP level 2. HP: 24/24 MP: 2/2
   359 | D:3      | Noticed Ijyb
   421 | D:3      | Reached skill level 2 in Axes
   504 | D:3      | Found Xiannudo's Jewellery Shop.
   533 | D:3      | Reached XP level 3. HP: 29/29 MP: 3/3
   604 | D:3      | Reached skill level 1 in Evocations
   604 | D:3      | Noticed Sigmund
   637 | D:3      | Noticed Jessica
   644 | D:3      | Killed Jessica
   645 | D:3      | Reached skill level 1 in Armour
   738 | D:1      | Gained mutation: You regenerate a little health from kills.
                  | [demonic ancestry]
   738 | D:1      | Reached XP level 4. HP: 35/35 MP: 4/4
   744 | D:1      | Found Tobo's Magic Scroll Shoppe.
   756 | D:1      | Bought a scroll of identify for 24 gold pieces
   756 | D:1      | Bought a scroll of teleportation for 36 gold pieces
   838 | D:1      | Reached skill level 1 in Throwing
   945 | D:1      | Found Emivunt's Weapon Boutique.
  1323 | D:1      | Bought a scroll of identify for 24 gold pieces
  1323 | D:1      | Bought a scroll of identify for 24 gold pieces
  1634 | D:3      | Reached XP level 5. HP: 41/41 MP: 5/5
  1688 | D:3      | Killed Ijyb
  1728 | D:3      | Killed Sigmund
  1729 | D:3      | Reached skill level 5 in Stealth
  1729 | D:3      | Gained mutation: When seriously injured, your blood forms
                  | armour. (AC +9) [demonic ancestry]
  1729 | D:3      | Reached XP level 6. HP: 45/48 MP: 6/6
  2332 | D:4      | Noticed an orc warrior
  2349 | D:4      | Killed an orc warrior
  2350 | D:4      | Reached XP level 7. HP: 54/55 MP: 7/7
  2816 | D:5      | Reached skill level 5 in Fighting
  2816 | D:5      | Reached XP level 8. HP: 50/62 MP: 8/8
  3203 | D:6      | Noticed Grinder
  3213 | D:6      | Paralysed by Grinder for 3 turns
  3218 | D:6      | Killed Grinder
  3337 | D:6      | Reached skill level 3 in Axes
  3940 | D:6      | Noticed Eustachio
  3947 | D:6      | Killed Eustachio
  3948 | D:6      | Reached skill level 4 in Axes
  3948 | D:6      | Reached XP level 9. HP: 68/69 MP: 9/9
  4529 | D:7      | Reached skill level 5 in Evocations
  4695 | D:7      | Identified the +6 dagger "Gaxig" {elec, rF+}
  4948 | D:7      | Reached skill level 5 in Dodging
  5118 | D:7      | Reached skill level 5 in Axes
  5144 | D:7      | Found a staircase to the Ecumenical Temple.
  5406 | Temple   | Entered the Ecumenical Temple
  5837 | D:7      | Reached skill level 5 in Armour
  5941 | D:8      | Gained mutation: You are mostly covered in sharp spines.
                  | [demonic ancestry]
  5941 | D:8      | Reached XP level 10. HP: 62/77 MP: 10/10
  5985 | D:8      | Reached skill level 5 in Throwing
  6180 | D:8      | Found a hazy altar of Hepliaklqana.
  6183 | D:8      | Became a worshipper of Hepliaklqana the Forgotten
  6343 | D:8      | Reached skill level 6 in Axes
  6343 | D:8      | Reached skill level 1 in Invocations
  6811 | D:9      | Reached * piety under Hepliaklqana
  6857 | D:9      | Found a shimmering altar of Xom.
  6877 | D:9      | Found an ornate altar of the Wu Jian Council.
  7082 | D:9      | Reached skill level 7 in Axes
  7234 | D:9      | Found a staircase to the Orcish Mines.
  7416 | D:10     | Entered Level 10 of the Dungeon
  7446 | D:10     | Noticed a two-headed ogre
  7475 | D:10     | Killed a two-headed ogre
  7476 | D:10     | Gained mutation: You have a pair of small antennae on your
                  | head. [demonic ancestry]
  7476 | D:10     | Reached XP level 11. HP: 75/75 MP: 13/13
  7488 | D:10     | Noticed a death knight
  7786 | D:10     | Noticed a centaur warrior
  7790 | D:10     | Killed a centaur warrior
  7868 | D:10     | Noticed a cyan ugly thing
  7874 | D:10     | Killed a cyan ugly thing
  7985 | D:10     | Reached ** piety under Hepliaklqana
  7986 | D:10     | Remembered your ancestor Cuahtemoc as a battlemage
  8136 | D:10     | Killed a death knight
  8480 | D:11     | Reached skill level 5 in Invocations
  8517 | D:11     | Reached skill level 8 in Axes
  8570 | D:11     | Noticed a death yak
  8571 | D:11     | Noticed a death yak
  8598 | D:11     | Killed a death yak
  8598 | D:11     | Noticed a death yak
  8637 | D:11     | Killed a death yak
  8842 | D:11     | Noticed Urug
  8851 | D:11     | Killed Urug
  8878 | D:11     | Found Toix's Book Shoppe.
  8916 | D:11     | Reached *** piety under Hepliaklqana
  8995 | D:11     | Noticed a two-headed ogre
  9003 | D:11     | Killed a two-headed ogre
  9076 | D:11     | Found a staircase to the Lair.
  9384 | D:11     | Gained mutation: You have a pair of antennae on your head.
                  | [demonic ancestry]
  9384 | D:11     | Reached XP level 12. HP: 47/82 MP: 16/16
  9462 | Lair:1   | Entered Level 1 of the Lair of Beasts
  9591 | Lair:1   | You fall into a shaft and drop 1 floor!
  9617 | Lair:2   | Reached skill level 9 in Axes
 10319 | Lair:1   | Noticed Gastronok
 10329 | Lair:1   | Killed Gastronok
 10534 | Lair:2   | Noticed Nergalle
 10541 | Lair:2   | Killed Nergalle
 10589 | Lair:2   | Reached **** piety under Hepliaklqana
 10717 | Lair:2   | Reached skill level 11 in Axes
 10717 | Lair:2   | Gained mutation: You regenerate health from kills. [demonic
                  | ancestry]
 10717 | Lair:2   | Reached XP level 13. HP: 89/89 MP: 18/18
 10734 | Lair:2   | Noticed Sonja
 10741 | Lair:2   | Killed Sonja
 11833 | Lair:3   | Found a staircase to the Shoals.
 11951 | Lair:3   | Found a transporter.
 11965 | Lair:3   | Found a transporter.
 12022 | Lair:3   | Reached skill level 12 in Axes
 12064 | Lair:3   | Found a bloodstained altar of Trog.
 12089 | Lair:3   | Noticed Rudyous's ghost (journeyman MiFi)
 12181 | Lair:3   | Found a hole to the Spider Nest.
 12366 | Lair:3   | Reached XP level 14. HP: 50/97 MP: 1/20
 12516 | Lair:3   | Killed Rudyous's ghost
 13100 | Lair:4   | Found a snail-covered altar of Cheibriados.
 13147 | Lair:4   | Reached ***** piety under Hepliaklqana
 13390 | Lair:5   | Entered Level 5 of the Lair of Beasts
 13799 | Lair:5   | Reached skill level 13 in Axes
 13811 | Lair:5   | Found a large runed translucent door.
 13811 | Lair:5   | Found a large runed translucent door.
 14134 | Lair:5   | Reached skill level 10 in Fighting
 14345 | Lair:5   | Found a runed translucent door.
 14346 | Lair:5   | Found a viscous altar of Jiyva.
 14347 | Lair:5   | Noticed an acid blob
 14348 | Lair:5   | Found a staircase to the Slime Pits.
 14350 | Lair:5   | Noticed an acid blob
 15065 | D:12     | Gained mutation: When seriously injured, your blood forms
                  | thick armour. (AC +9) [demonic ancestry]
 15065 | D:12     | Reached XP level 15. HP: 73/103 MP: 21/21
 15520 | D:12     | Noticed Lodul
 15528 | D:12     | Killed Lodul
 15794 | D:13     | Found Nitihaongo's Armour Boutique.
 16237 | D:13     | Found a gate to the Vaults.
 16386 | D:13     | Reached skill level 10 in Evocations
 16762 | D:14     | Reached skill level 1 in Shields
 16804 | D:14     | Reached ****** piety under Hepliaklqana
 17521 | D:14     | Shot with a sling bullet by a centaur warrior

Illustrated notes

Levels and vault maps discovered:
D:1:      sevenhm_arrival_forest_fort_small_3, layout_basic, serial_shops, shop,
          shop
D:2:      layout_rooms, minmay_fractal_squares_5
D:3:      layout_loops_ring, serial_shops, nicolae_shop_waterfront, uniq_ijyb,
          uniq_sigmund, uniq_jessica
D:4:      layout_basic
D:5:      layout_cave_pools, serial_park, serial_park_paths
          [serial_park_minivault_5x5_7], serial_park_tiny_1, serial_park_square3
          [serial_park_minivault_5x5_6], serial_park_tiny_2, dk_noncrumbling_4,
          minmay_crossroads
D:6:      layout_layer_cave, minmay_circle_x, uniq_eustachio, uniq_grinder
D:7:      layout_basic, temple_doors_e
D:8:      layout_basic, kennysheep_mini_moat
D:9:      layout_cave_pools, mainiacjoe_overflow_catwalk_spiral,
          hiddenorc2_lemuel, small_statue_intersection,
          minmay_misc_feat_diagonals
D:10:     layout_small_grid, minivault_24, wad_mini_maze
D:11:     layout_stronghold, dpeg_lair_monsters, serial_shops,
          nicolae_take_the_stairs, uniq_urug
D:12:     layout_basic, uniq_lodul
D:13:     minmay_open_boxes_in_corner, layout_irregular_city, david_vaults_4,
          serial_shops, nicolae_shop_waterfront
D:14:     minmay_the_grid_square_5x5_5x5_mashed
          [minmay_the_grid_square_5x5_inner_v,
          minmay_the_grid_square_5x5_gyroscope,
          minmay_the_grid_square_5x5_inner_z, minmay_the_grid_square_5x5_bridge,
          minmay_the_grid_square_5x5_corner,
          minmay_the_grid_square_5x5_checkered_statues,
          minmay_the_grid_square_5x5_prize_junk,
          minmay_the_grid_square_5x5_spiral_small,
          minmay_the_grid_square_5x5_prize_pseudospiral,
          minmay_the_grid_square_5x5_two, minmay_the_grid_square_5x5_bite,
          minmay_the_grid_square_5x5_shuriken,
          minmay_the_grid_square_5x5_prize_snowflake,
          minmay_the_grid_square_5x5_comb, minmay_the_grid_square_5x5_z,
          minmay_the_grid_square_5x5_slash,
          minmay_the_grid_square_5x5_prize_itemx,
          minmay_the_grid_square_5x5_checkered,
          minmay_the_grid_square_5x5_prize_gold,
          minmay_the_grid_square_5x5_tetrominoes, minmay_the_grid_square_5x5_n,
          minmay_the_grid_square_5x5_minivault,
          minmay_the_grid_square_5x5_minibox,
          minmay_the_grid_square_5x5_inner_i, minmay_the_grid_square_5x5_v],
          layout_basic, nicolae_figureground_sparkle
Temple:   compressed_dpeg_triangle_lava_temple
Lair:1:   layout_loops_ring, lemuel_fruit_fields, uniq_gastronok
Lair:2:   lemuel_slime, layout_regular_city, uniq_nergalle, uniq_sonja
Lair:3:   cheibrodos_lair_overgrown_chateau, layout_cellular_growth,
          shoals_dummy_entry, hellmonk_spider_entry_life_and_decay,
          gammafunk_ghost_wrathful_warriors, serial_bayou_shore_b,
          lemuel_fruit_tree
Lair:4:   layout_gridlike, kennysheep_snail_temple
Lair:5:   cheibrodos_lair_end_hotspot, layout_long_grid, slime_entry_2,
          serial_bayou, serial_bayou_crossing, serial_bayou_pond_e,
          serial_bayou_pond_d, serial_bayou_pond_c, serial_bayou_shore_b,
          serial_bayou_ford_a, chequers_serial_rivers_small_3

Skill      XL: |  1  2  3  4  5  6  7  8  9 10 11 12 13 14 15 |
---------------+----------------------------------------------+-----
Dodging        | 2 3 4 5 6 7 8 9 |  9.6
Axes           | 2 4 5 7 8 11 12 13 | 13.8
Evocations     | 1 2 3 4 5 6 7 8 9 10 | 10.2
Armour         | 1 2 3 4 5 6 7 8 9 |  9.4
Throwing       | 1 2 3 4 5 6 7 8 9 |  9.2
Fighting       | 4 5 6 7 8 9 10 | 10.8
Stealth        | 5 |  5.0
Invocations    | 3 6 7 8 |  8.0
Shields        | 1 |  1.8

Action                   |  1- 3 |  4- 6 |  7- 9 | 10-12 | 13-15 || total
-------------------------+-------+-------+-------+-------+-------++-------
Melee: Hand axe          |    17 |       |       |       |       ||    17
       Punch             |     1 |       |       |       |       ||     1
       Trident           |    36 |   113 |       |       |       ||   149
       Halberd           |       |    36 |   285 |    57 |       ||   378
       Battleaxe         |       |       |       |   261 |   408 ||   669
       Demon trident     |       |       |       |       |   157 ||   157
Throw: Dart              |       |     3 |       |    32 |       ||    35
       Boomerang         |       |       |       |    25 |       ||    25
       Javelin           |       |       |       |       |     7 ||     7
Invok: Ancestor Life: Ba |       |       |       |     1 |       ||     1
       Recall Ancestor   |       |       |       |     1 |       ||     1
Evoke: Wand              |       |       |       |       |     4 ||     4
  Use: Scroll            |     1 |       |     2 |    10 |     7 ||    20
       Potion            |     1 |       |       |     1 |       ||     2
 Stab: Sleeping          |     4 |    10 |       |       |       ||    14
       Paralysed         |       |       |       |       |     2 ||     2
       Distracted        |       |       |       |       |    17 ||    17
Armor: Leather armour    |     3 |       |       |       |       ||     3
       Ring mail         |     9 |    18 |       |       |       ||    27
       Chain mail        |       |    17 |   187 |   134 |       ||   338
       Plate armour      |       |       |       |   101 |   298 ||   399
       Fire dragon scale |       |       |       |       |    44 ||    44
Dodge: Dodged            |    36 |    50 |   142 |   185 |   269 ||   682
Block: Tower shield      |       |       |       |       |    77 ||    77

Table legend: (Time is in decaauts)
 A = Elapsed time spent in this place.
 B = Non-inter-level travel time spent in this place.
 C = Inter-level travel time spent in this place.
 D = Time resting spent in this place.
 E = Time spent auto-exploring this place.
 F = Levels seen in this place.
 G = Mean time per level.
                   A        B        C        D        E       F      G
               +--------+--------+--------+--------+--------+-----+--------+
         Total |  17882 |  16942 |    940 |    287 |  12615 |  20 |  894.1 |
       Dungeon |  12089 |  11560 |    529 |    287 |   8353 |  14 |  863.5 |
        Temple |    318 |    299 |     19 |      0 |    286 |   1 |  318.0 |
          Lair |   5473 |   5081 |    392 |      0 |   3976 |   5 | 1094.6 |
               +--------+--------+--------+--------+--------+-----+--------+

Top non-repeatable levels by time:
  Lair:5: 1444 daAuts
     D:6: 1382 daAuts
  Lair:3: 1316 daAuts
     D:7: 1171 daAuts
    D:11: 1137 daAuts
    D:13: 1095 daAuts
  Lair:2: 1064 daAuts
     D:4: 968 daAuts
    D:10: 965 daAuts
     D:9: 842 daAuts
  Lair:4: 838 daAuts
  Lair:1: 810 daAuts
    D:12: 781 daAuts
    D:14: 767 daAuts
     D:8: 751 daAuts
